 Dungeon Crawl Stone Soup version 0.16-a0-1333-g4c30825 (webtiles) character file.

16296 Psiweapon the Covert (level 12, 0/59 HPs)
             Began as a Tengu Conjurer on Oct 16, 2014.
             Was an Elder of Dithmenos.
             Slain by a blink frog (15 damage)
             ... on level 4 of the Lair of Beasts.
             The game lasted 01:23:56 (16560 turns).

Psiweapon the Covert (Tengu Conjurer)              Turns: 16560, Time: 01:23:57

Health: 0/59       AC:  7    Str:  9    XL:     12   Next: 36%
Magic:  6/27       EV: 17    Int: 19    God:    Dithmenos [****..]
Gold:   767        SH:  0    Dex: 16    Spells: 6 memorised, 6 levels left

rFire  + + .     SeeInvis .     h - +6 dagger (elec)
rCold  . . .     Clarity  .     a - +3 leather armour {rF+}
rNeg   . . .     SustAb   .     (no shield)
rPois  +         Gourm    +     (helmet restricted)
rElec  .         Spirit   .     L - +0 cloak
rCorr  .         Warding  .     (no gloves)
rMut   .         Stasis   .     (boots unavailable)
MR     .....                    s - amulet of the gourmand
Stlth  +++++++...               O - ring of protection from fire
                                q - ring of poison resistance

@: wreathed by umbra, not resistant to hostile enchantments, extremely stealthy
A: able to fly, beak, talons 3
a: Fly, Shadow Step, Renounce Religion


You were on level 4 of the Lair of Beasts.
You worshipped Dithmenos.
Dithmenos was greatly pleased with you.
You were very full.

You visited 3 branches of the dungeon, and saw 15 of its levels.
You also visited: Ice Cave.

You collected 767 gold pieces.

Inventory:

Hand weapons
 h - a +6 dagger of electrocution (weapon)
 J - a +2 dagger of protection
 R - the +4 halberd of Harmony {freeze, rF+}
   (You found it on level 9 of the Dungeon)

   It has been specially enchanted to freeze those struck by it, causing extra
   injury to most foes and up to double damage against particularly susceptible
   opponents.
   It can also slow down cold-blooded creatures.
   It protects you from fire.
 U - the +10 dagger of the Globe {flame, +Inv rPois}
   (You found it on level 4 of the Lair of Beasts)

   It emits flame when wielded, causing extra injury to most foes and up to
   double damage against particularly susceptible opponents.
   It protects you from poison.
   It lets you turn invisible.
   Dithmenos disapproves of the use of such an item.
Missiles
 l - 53 poisoned needles
 y - 28 bolts
 H - 2 throwing nets (quivered)
 N - 2 tomahawks of dispersal
Armour
 a - a +3 leather armour of fire resistance (worn)
 L - a +0 cloak (worn)
Jewellery
 e - an uncursed amulet of stasis
 q - a ring of poison resistance (left hand)
 s - an amulet of the gourmand (around neck)
 C - an uncursed amulet of regeneration
 O - a ring of protection from fire (right hand)
Magical devices
 j - a wand of confusion (31)
 w - a wand of frost (23)
 x - a wand of confusion (41)
 z - a wand of draining (8)
 A - a wand of confusion (34)
 I - a wand of digging (13)
 Q - a wand of polymorph (11)
 T - a wand of frost (30)
Scrolls
 c - 2 scrolls of vulnerability {unknown}
 t - 5 scrolls of remove curse
 E - a scroll of enchant armour
 K - a scroll of noise {unknown}
 M - a scroll of holy word {unknown}
 Z - 2 scrolls of immolation {unknown}
Potions
 g - a potion of mutation {unknown}
 i - 3 potions of curing
 m - a potion of agility {unknown}
 n - a potion of heal wounds
 o - a potion of restore abilities
 p - a potion of might {unknown}
 u - 2 potions of haste
 B - a potion of brilliance
 P - a potion of porridge
 Y - a potion of lignification {unknown}
Books
 v - a book of Enchantments

   Spells                             Type                      Level
   Tukima's Dance                     Hexes                        3
   Cause Fear                         Hexes                        4
   Silence                            Hexes/Air                    5
   Deflect Missiles                   Charms/Air                   6
   Haste                              Charms                       6
   Discord                            Hexes                        8
Miscellaneous
 r - a legendary deck of changes
 X - a box of beasts {used: 1}
Comestibles
 b - 7 bread rations
 d - 25 fruits
 f - a slice of pizza
 k - 10 meat rations
 D - 6 beef jerkies
 F - 3 royal jellies
 S - 3 rotting chunks of giant frog flesh


   Skills:
 - Level 10.3 Short Blades
 + Level 9.4 Dodging
 - Level 10.4 Stealth
 + Level 5.9 Spellcasting
 - Level 10.2 Conjurations
 + Level 7.0 Charms


You had 6 spell levels left.
You knew the following spells:

 Your Spells              Type           Power        Failure   Level  Hunger
a - Magic Dart            Conj           ####         1%          1    None
b - Searing Ray           Conj           #####.       1%          2    None
c - Dazzling Spray        Conj/Hex       ####....     4%          3    ##.....
d - Iskenderun's Mystic   Conj           #####...     1%          4    ####...
e - Iskenderun's Battles  Conj/Chrm      #####...     12%         5    #####..
f - Animate Skeleton      Necr           N/A          14%         1    None


Dungeon Overview and Level Annotations

Branches:
Dungeon (10/15)            Temple (1/1) D:4             Orc (0/4) D:9
   Lair (4/8) D:10
  Swamp: Lair:3-6    Shoals: Lair:3-6     Snake: Lair:3-6    Spider: Lair:3-6

Altars:
Ashenzari
Cheibriados
Dithmenos
Elyvilon
Fedhas
Gozag
Kikubaaqudgha
Makhleb
Nemelex Xobeh
Okawaru
Qazlal
Ru
Sif Muna
Trog
Vehumet
Xom
Yredelemnul
Zin
The Shining One

Shops:
D:4 :

Annotations:
D:6 tedric's ghost, average VSTm
Lair:1 exclusion: oklob plant


Innate Abilities, Weirdness & Mutations

You can fly.
You have a beak for a mouth.
You have claws for feet.


Message History

The spray of energy hits the blink frog.
The blink frog is heavily wounded.
The blink frog misses you.
You closely miss the blink frog.
The blink frog is heavily wounded.
The blink frog hits you!
A blink frog comes into view.
You miss the blink frog. Your peck misses the blink frog.
The blink frog is heavily wounded.
The blink frog hits you!!
* * * LOW HITPOINT WARNING * * *
Casting: Dazzling Spray
Confirm with . or Enter, or press ? or * to list all spells.
Aiming: Dazzling Spray
Press: ? - help, Shift-Dir - straight line, f/p - blink frog
Aim: a blink frog (heavily wounded, umbra)
The spray of energy hits the blink frog.
The blink frog is severely wounded.
The blink frog is dazzled.
The blink frog hits you!
You die...

. . #. #. .. .#..
.##... ... .....
.t. ..F. #.##..#
#....# ####F..##
..####P.@....####
...................
..................
#...P####.P##P#P##
### #### ## #


You could see 2 blink frogs.

Vanquished Creatures
  The ghost of Psiweapon the Covert, an experienced TeCj (D:8)
  A hill giant (D:10)
  5 spiny frogs
  2 black mambas
  Psyche (D:8)
  2 fire drakes
  A komodo dragon (Lair:3)
  A troll (D:10)
  A two-headed ogre (D:10)
  6 blink frogs
  A deep elf mage (D:10)
  12 yaks
  4 wolves (Lair:3)
  2 hippogriffs
  A water moccasin (Lair:3)
  8 ice beasts
  A sky beast (D:6)
  A black bear (D:6)
  5 ogres
  7 centaurs
  3 phantoms
  2 orc warriors
  7 porcupines
  A yellow wasp (D:7)
  6 crocodiles
  Duvessa (D:8)
  A gnoll sergeant (D:7)
  A big kobold (D:8)
  11 giant frogs
  17 killer bees (D:8)
  2 scorpions
  A troll zombie (D:10)
  A hippogriff skeleton (D:8)
  An electric eel (Lair:1)
  Dowan (D:8)
  3 crimson imps
  A goliath beetle (D:7)
  A gnoll shaman (D:6)
  Crazy Yiuf (D:5)
  2 orc priests
  12 hounds
  2 iguanas
  3 jellies
  A basilisk skeleton (D:9)
  5 orc wizards
  Natasha (thrice) (D:5)
  11 worker ants
  2 ogre zombies
  An ogre skeleton (D:9)
  5 sheep (Lair:3)
  A mummy (D:10)
  A worker ant zombie (D:8)
  13 gnolls
  28 green rats
  11 adders
  A shadow imp (D:8)
  3 giant mites
  8 worms
  An iguana zombie (D:8)
  An adder zombie (D:5)
  4 orc skeletons
  2 oozes
  21 orcs
  21 bats
  A bat zombie (D:7)
  7 giant cockroaches
  24 hobgoblins
  13 jackals
  28 kobolds
  2 ball pythons
  3 giant geckos
  7 giant newts
  15 goblins
  A goblin zombie (D:5)
  A kobold zombie (D:5)
  5 quokkas
  12 rats
  A rat skeleton (D:4)
  8 ballistomycetes (D:8)
  A butterfly (Lair:2)
  A plant (D:10)
418 creatures vanquished.

Vanquished Creatures (collateral kills)
  A hydra (Lair:2)
  A water moccasin (Lair:2)
  A hound (Lair:3)
  2 sheep (Lair:3)
5 creatures vanquished.

Vanquished Creatures (others)
  A spiny frog skeleton (Lair:2)
  2 yak skeletons (Lair:2)
  A giant frog skeleton (Lair:4)
  A chimera (IceCv)
  A giant spore (D:8)
  A quokka skeleton (Lair:2)
  A fungus (Lair:4)
8 creatures vanquished.

Grand Total: 431 creatures vanquished

Notes
Turn   | Place    | Note
--------------------------------------------------------------
     0 | D:1      | Psiweapon, the Tengu Conjurer, began the quest for the Orb.
     0 | D:1      | Reached XP level 1. HP: 10/10 MP: 3/3
   157 | D:1      | Found a shimmering altar of Xom.
   269 | D:1      | Reached XP level 2. HP: 15/15 MP: 1/5
   316 | D:1      | Learned a level 2 spell: Searing Ray
   791 | D:1      | Reached XP level 3. HP: 19/19 MP: 5/7
  1016 | D:1      | Learned a level 3 spell: Dazzling Spray
  1824 | D:2      | Reached XP level 4. HP: 21/24 MP: 1/8
  2384 | D:3      | Reached skill level 5 in Dodging
  2828 | D:3      | Found a burning altar of Makhleb.
  2831 | D:3      | Reached XP level 5. HP: 24/28 MP: 6/11
  3009 | D:3      | Reached skill level 6 in Conjurations
  3305 | D:4      | Found a staircase to the Ecumenical Temple.
  3317 | Temple   | Entered the Ecumenical Temple
  3374 | Temple   | Became a worshipper of Dithmenos the Shadowed
  3661 | D:4      | Reached XP level 6. HP: 17/32 MP: 2/12
  4153 | D:4      | Noticed tedric's ghost (average VSTm)
  4202 | D:4      | Found Byfibrol's Book Boutique.
  4224 | D:4      | Reached skill level 7 in Conjurations
  4668 | D:5      | Entered Level 5 of the Dungeon
  4698 | D:5      | Reached XP level 7. HP: 36/36 MP: 2/14
  4783 | D:5      | Reached skill level 5 in Stealth
  4887 | D:5      | Reached skill level 8 in Conjurations
  5400 | D:5      | Noticed Natasha
  5418 | D:5      | Killed Natasha
  5624 | D:5      | Found a shattered altar of Ashenzari.
  5799 | D:5      | Acquired Dithmenos' first power
  5908 | D:5      | Found a shadowy altar of Dithmenos.
  5945 | D:5      | Found a blossoming altar of Fedhas.
  5947 | D:5      | Found a shimmering altar of Xom.
  6123 | D:5      | Reached XP level 8. HP: 41/41 MP: 12/16
  6167 | D:5      | Reached skill level 9 in Conjurations
  6370 | D:5      | Noticed Natasha
  6372 | D:5      | Killed Natasha
  6614 | D:5      | Noticed Natasha
  6617 | D:5      | Killed Natasha
  6675 | D:5      | Noticed Crazy Yiuf
  6682 | D:5      | Killed Crazy Yiuf
  6736 | D:6      | Found an opulent altar of Gozag.
  7176 | D:6      | Reached skill level 10 in Conjurations
  7387 | D:6      | Reached skill level 1 in Short Blades
  7680 | D:6      | Noticed tedric's ghost (average VSTm)
  8032 | D:6      | Reached XP level 9. HP: 45/45 MP: 13/17
  8049 | D:6      | Learned a level 4 spell: Iskenderun's Mystic Blast
  8619 | D:7      | Found an ancient bone altar of Kikubaaqudgha.
  8763 | D:7      | Reached skill level 5 in Short Blades
  9702 | D:8      | Noticed Psyche
 10019 | D:8      | Acquired Dithmenos' second power
 10022 | D:8      | Reached skill level 10 in Stealth
 10031 | D:8      | Killed Psyche
 10031 | D:8      | Reached XP level 10. HP: 50/50 MP: 12/18
 10154 | D:8      | Noticed Psiweapon's ghost (experienced TeCj)
 10984 | D:8      | Killed Psiweapon's ghost
 11096 | D:8      | Acquired Dithmenos' third power
 11251 | D:8      | Noticed Duvessa
 11251 | D:8      | Noticed Dowan
 11254 | D:8      | Killed Duvessa
 11257 | D:8      | Killed Dowan
 11555 | D:9      | Found a basalt altar of Yredelemnul.
 11555 | D:9      | Found a snail-covered altar of Cheibriados.
 11725 | D:9      | Reached skill level 5 in Spellcasting
 11738 | D:9      | Learned a level 5 spell: Iskenderun's Battlesphere
 11763 | D:9      | Found a staircase to the Orcish Mines.
 11956 | D:9      | Reached skill level 1 in Charms
 12359 | D:9      | Got a smoking halberd
 12452 | D:10     | Entered Level 10 of the Dungeon
 12505 | D:10     | Noticed a hill giant
 12513 | D:10     | Reached XP level 11. HP: 45/54 MP: 21/25
 12518 | D:10     | Killed a hill giant
 12518 | D:10     | Reached skill level 10 in Short Blades
 12662 | D:10     | Found a staircase to the Lair.
 12711 | Lair:1   | Entered Level 1 of the Lair of Beasts
 13315 | Lair:1   | Learned a level 1 spell: Animate Skeleton
 13622 | Lair:2   | Identified the +4 halberd of Harmony {freeze, rF+} (You found it on level 9 of the Dungeon)
 13623 | Lair:2   | Identified a cursed -1 rod of ignition (12/12) (You found it on level 1 of the Lair of Beasts)
 13803 | Lair:2   | Reached skill level 5 in Charms
 14359 | Lair:2   | Noticed a six-headed hydra
 14366 | Lair:2   | Killed a six-headed hydra
 14943 | Lair:3   | Found a frozen archway.
 14955 | IceCv    | Entered an ice cave
 14966 | IceCv    | Reached XP level 12. HP: 59/59 MP: 26/26
 14991 | IceCv    | Noticed an ice statue
 14991 | IceCv    | Noticed an ice statue
 15286 | Lair:3   | Acquired Dithmenos' fourth power
 16178 | Lair:4   | Got a sapphire dagger
 16179 | Lair:4   | Identified the +10 dagger of the Globe {flame, +Inv rPois} (You found it on level 4 of the Lair of Beasts)
 16357 | Lair:4   | Noticed a death yak
 16560 | Lair:4   | Slain by a blink frog

Action                   |  1- 3 |  4- 6 |  7- 9 | 10-12 || total
-------------------------+-------+-------+-------+-------++-------
Melee: Unarmed           |     6 |       |       |       ||     6
       Dagger            |    15 |    15 |   184 |   427 ||   641
       Short sword       |       |    22 |    10 |       ||    32
       Falchion          |       |    10 |    10 |       ||    20
 Fire: Blowgun           |       |       |       |     4 ||     4
Throw: Stone             |    15 |     2 |    11 |       ||    28
 Cast: Magic Dart        |    66 |    62 |    54 |     6 ||   188
       Searing Ray       |     3 |    16 |    16 |     7 ||    42
       Dazzling Spray    |       |     8 |    71 |    84 ||   163
       Iskenderun's Myst |       |       |     1 |    17 ||    18
       Animate Skeleton  |       |       |       |    14 ||    14
       Iskenderun's Batt |       |       |       |     1 ||     1
Invok: Shadow Step       |       |       |     1 |     3 ||     4
Evoke: Box of beasts     |       |       |       |     1 ||     1
  Use: Scroll            |       |     5 |     9 |     7 ||    21
       Potion            |       |     1 |     2 |     4 ||     7
 Stab: Sleeping          |     1 |     2 |    31 |    54 ||    88
       Distracted        |     1 |       |     1 |     1 ||     3
       Invisible         |       |     1 |    21 |    20 ||    42
  Eat: Chunk             |     4 |     9 |    34 |    33 ||    80
       Beef jerky        |       |     2 |       |       ||     2
